 Dungeon Crawl Stone Soup version 0.31-a0-37-g98a128e1d9 (webtiles) character file.

Game seed: 1497234296620716066

92264 Darius099 the Peltast (level 15, -5/146 HPs)
             Began as a Minotaur Fighter on Mar 30, 2023.
             Was the Champion of Okawaru.
             Slain by a tengu reaver
             ... wielding a +0 great sword
              (6 damage)
             ... on level 13 of the Dungeon on May 15, 2023.
             The game lasted 01:52:41 (24238 turns).

Darius099 the Peltast (Minotaur Fighter)           Turns: 24238, Time: 01:52:42

Health: -5/146     AC: 26    Str: 42    XL:     15   Next: 57%
Magic:  16/17      EV: 15    Int:  5    God:    Okawaru [******]
Gold:   4517       SH:  8    Dex: 12    Spells: 14/14 levels left

rFire   + . .        K - +1 war axe (drain)
rCold   + . .        X - +0 buckler {rF+}
rNeg    . . .        E - +2 chain mail {rPois}
rPois   +            L - +2 hat
rElec   .            B - +1 cloak
rCorr   .            R - +2 pair of gloves {Dex+3}
SInv    .            c - +0 pair of boots "Lebe" {Str+7}
Will    +....        M - amulet of regeneration Stlth
                     G - +5 ring of evasion
HPRegen 1.24/turn    a - ring "Efiqilal" {rC+ Str+6 Stlth+}
MPRegen 0.15/turn

%: no passive effects
@: no status effects
A: horns 2, retaliatory headbutt
a: Renounce Religion, Heroism, Finesse, Duel


You were on level 13 of the Dungeon.
You worshipped Okawaru.
Okawaru was exalted by your worship.
You visited 4 branches of the dungeon, and saw 21 of its levels.
You also visited: Volcano.

You collected 4517 gold pieces.

Inventory:

Hand Weapons
 h - a +3 scimitar of flaming
 K - a +1 war axe of draining (weapon)
Missiles
 m - 93 poisoned darts (quivered)
 u - 2 throwing nets
 w - 13 boomerangs
 z - 3 silver javelins
 Q - a silver boomerang
Armour
 c - the +0 pair of boots "Lebe" (worn) {Str+7}
   (Okawaru gifted it to you on level 13 of the Dungeon)

   Str:       It affects your strength (+7).
 v - a +0 tower shield
 B - a +1 cloak (worn)
 E - a +2 chain mail of poison resistance (worn)
 F - +0 fire dragon scales
 L - a +2 hat (worn)
 R - a +2 pair of gloves of dexterity (worn)
 X - a +0 buckler of fire resistance (worn)
Jewellery
 a - the ring "Efiqilal" (right hand) {rC+ Str+6 Stlth+}
   (You found it on level 13 of the Dungeon)

   [ring of strength]

   Str:       It affects your strength (+6).
   rC:        It protects you from cold.
   Stlth:     It makes you more stealthy.
 f - a ring of willpower
 G - a +5 ring of evasion (left hand)
 M - an amulet of regeneration (around neck)
 V - the ring of Tanuon {rN+ Int+2 Slay+4}
   (You found it on level 13 of the Dungeon)

   [ring of slaying]

   Int:       It affects your intelligence (+2).
   Slay:      It affects your accuracy & damage with ranged weapons and melee
   (+4).
   rN:        It protects you from negative energy.
 Y - a ring of positive energy
Wands
 l - a wand of roots (12)
 y - a wand of mindburst (7)
 S - a wand of polymorph (9)
 U - a wand of digging (4)
 W - a wand of paralysis (10)
 Z - a wand of flame (21)
Scrolls
 b - 5 scrolls of immolation
 e - 5 scrolls of enchant armour
 j - 3 scrolls of magic mapping
 n - 3 scrolls of enchant weapon
 o - 4 scrolls of fear
 r - 2 scrolls of fog
 s - 18 scrolls of teleportation
 x - 5 scrolls of blinking
 D - a scroll of poison {unknown}
 H - a scroll of torment {unknown}
 J - 3 scrolls of identify
 T - 4 scrolls of silence
Potions
 d - 3 potions of might
 g - 8 potions of curing
 i - 2 potions of magic
 k - 3 potions of haste
 p - 5 potions of lignification
 q - 6 potions of flight
 t - a potion of berserk rage
 A - 2 potions of cancellation
 C - 2 potions of mutation
 I - 2 potions of attraction
 N - a potion of ambrosia
 O - 2 potions of resistance
 P - 2 potions of brilliance


   Skills:
 + Level 16.8 Fighting
 - Level 16.0 Axes
 - Level 5.0 Throwing
 + Level 16.8 Armour
 + Level 16.8 Shields
 - Level 5.0 Invocations


You had 14 spell levels left.
You didn't know any spells.
Your spell library contained the following spells:

 Spells                   Type           Power      Damage    Failure   Level
 Freeze                   Ice            0%         1d3       75%         1
 Slow                     Hex            0%         N/A       75%         1
 Lesser Beckoning         Tloc           0%         N/A       86%         2
 Confusing Touch          Hex            0%         N/A       98%         3
 Frozen Ramparts          Ice            0%         1d1       98%         3
 Gell's Gravitas          Tloc           0%         N/A       98%         3
 Hailstorm                Conj/Ice       0%         3d3       98%         3
 Inner Flame              Hex/Fire       0%         N/A       98%         3
 Teleport Other           Tloc           0%         N/A       98%         3
 Vampiric Draining        Necr           0%         2d6       98%         3
 Vhi's Electric Charge    Tloc/Air       0%         N/A       98%         3
 Flame Wave               Conj/Fire      0%         2d4       100%        4
 Sticky Flame             Conj/Fire      0%         2d3       100%        4
 Arcjolt                  Conj/Air       0%         1d10      100%        5
 Plasma Beam              Fire/Air       0%         2x1d11    100%        6
 Borgnjor's Revivificati  Necr           0%         N/A       100%        8
 Necromutation            Tmut/Necr      0%         N/A       100%        8
 Death's Door             Necr           0%         N/A       100%        9


Dungeon Overview and Level Annotations

Branches:
Dungeon (13/15)            Temple (1/1) D:4            Lair (5/5) D:9
 Shoals (0/4) Lair:3       Spider (0/4) Lair:3        Slime (0/5) Lair:5
    Orc (2/2) D:10            Elf (0/3) Orc:2        Vaults (0/5) D:13
Volcano (visited)

Altars:
Ashenzari
Cheibriados
Dithmenos
Elyvilon
Fedhas
Gozag
Hepliaklqana
Kikubaaqudgha
Makhleb
Nemelex Xobeh
Okawaru
Qazlal
Ru
Sif Muna
Trog
Uskayaw
Vehumet
Wu Jian
Xom
Yredelemnul
Zin
The Shining One

Shops:
Orc:2 !*=[

Annotations:
Lair:5 exclusion: oklob plant


Innate Abilities, Weirdness & Mutations

You have a pair of horns on your head.
You reflexively headbutt those who attack you in melee.


Message History

The tengu reaver is moderately wounded.
You slash the centaur warrior! You drain the centaur warrior.
The centaur warrior hits you but does no damage.
The centaur warrior kicks you.
* * * LOW HITPOINT WARNING * * *
The tengu reaver hits you but does no damage.
The tengu reaver pecks you but does no damage.
The tengu reaver claws you but does no damage.
You closely miss the tengu reaver.
You headbutt the tengu reaver, but do no damage.
The tengu reaver is moderately wounded.
You slash the centaur warrior!
You kill the centaur warrior!
Okawaru accepts your kill.
The troll seems less drained.
You hit the tengu reaver but do no damage.
The tengu reaver is moderately wounded.
The tengu reaver gestures at you while chanting.
The bolt of poison hits you. You resist.
* * * LOW HITPOINT WARNING * * *
You miss the tengu reaver. You headbutt the tengu reaver!
The tengu reaver is heavily wounded.
The tengu reaver hits you with a +0 great sword!
* * * LOW HITPOINT WARNING * * *
The tengu reaver pecks you but does no damage.
The tengu reaver claws you but does no damage.
You slice the tengu reaver!! You drain the tengu reaver.
The tengu reaver is severely wounded.
The tengu reaver hits you with a +0 great sword.
* * * LOW HITPOINT WARNING * * *
You block the tengu reaver's attack.
The tengu reaver claws you but does no damage.
You barely miss the tengu reaver.
The tengu reaver is severely wounded.
You hit the tengu reaver but do no damage.
The tengu reaver is severely wounded.
The tengu reaver hits you with a +0 great sword!!
* * * LOW HITPOINT WARNING * * *
The tengu reaver barely misses you. The tengu reaver claws you.
You die...

#.#######.#......##.....##....
#.......#.#.....###..#..###...
#...............##..###..##...
####.#####.#.#####.....###.......
...........#.# #####..#........
###..##....#.####### #.....######
...................###.####......
###>..........#).Q.....# #......
#.........#.##.@.####.# #......
#.........###########.# #......
#.........#.TCQCQT.:#.####......
#.....#####..cHTY...#...##......
##.#### #).zzV#$.)###...######
###.## #..DB#....# ###.# .....#
#=.(B}#).)# #.# .....#
####.#T###.#### #.# ...[.#
###.....z.....# #.####


You could see an ice dragon, a stone giant, 2 tengu reavers, a catoblepas, 2
boulder beetles, 2 skeletal warriors, a tengu warrior, a centaur warrior, a
manticore, a cyclops, 2 deep troll earth magi, 2 trolls and a vampire.

Vanquished Creatures
  Rupert (Lair:3)
  Jorgrun (D:13)
  Frances (D:13)
  A red draconian (Volcano)
  Josephine (D:13)
  Fannar (Lair:3)
  6 hydras
  3 catoblepae (Lair:5)
  2 boulder beetles
  An ogre mage (Volcano)
  Erica (D:9)
  9 two-headed ogres
  7 centaur warriors
  An anaconda (Lair:4)
  10 death yaks
  A tengu warrior (D:13)
  An orc high priest (Orc:2)
  A deep troll earth mage (D:13)
  A skeletal warrior (D:13)
  2 skysharks
  Pikel (D:8)
  5 orc knights
  4 lindwurms
  A salamander (shapeshifter) (D:13)
  3 orc sorcerers (Orc:2)
  4 manticores
  4 cyclopes
  6 elephants (Lair:4)
  9 black mambas
  2 molten gargoyles (Volcano)
  A slime creature (D:8)
  A guardian serpent (shapeshifter) (D:13)
  A gargoyle (D:11)
  14 cane toads
  2 rime drakes
  An unseen horror (D:13)
  5 yaktaurs (D:13)
  An efreet (D:13)
  11 komodo dragons
  A tengu conjurer (D:8)
  3 polar bears
  6 trolls
  A wind drake (Lair:3)
  10 hornets
  20 blink frogs
  3 jumping spiders (Lair:3)
  A water elemental (D:11)
  3 culicivoras (Lair:3)
  A vampire (D:10)
  A shadow (D:13)
  8 wraiths
  40 yaks
  7 basilisks
  4 wyverns
  2 fire bats (Volcano)
  A steam dragon (D:8)
  Grum (Lair:1)
  6 vampire mosquitoes
  2 redbacks (Lair:3)
  Edmund (D:4)
  Menkaure (D:7)
  21 water moccasins
  An acid dragon (D:9)
  4 wargs (Orc:2)
  Duvessa (D:6)
  3 sky beasts
  35 orc warriors
  2 black bears
  7 wolves
  20 centaurs
  A boggart (D:13)
  4 ogres
  A phantom (D:6)
  The ghost of abessonov the Caller, an amateur MfSu (D:3)
  12 kobold brigands
  3 lemures (D:8)
  6 scorpions
  11 bullfrogs
  4 gnoll sergeants (D:8)
  8 wights
  Dowan (D:6)
  5 killer bees (D:9)
  7 howler monkeys
  7 electric eels (Lair:2)
  5 lava snakes (Volcano)
  7 hounds
  A jelly (D:5)
  11 orc priests
  5 gnoll boudas
  4 centaur skeletons
  3 iguanas
  Crazy Yiuf (D:2)
  A sleepcap (D:7)
  23 orc wizards
  6 hell rats (Lair:2)
  A boggart skeleton (D:13)
  A howler monkey zombie (D:3)
  36 gnolls
  A river rat (D:6)
  6 adders
  3 shadow imps
  2 white imps
  3 ufetubi (D:6)
  4 worms
  5 dart slugs
  60 orcs
  8 endoplasms
  5 giant cockroaches
  7 goblins
  9 hobgoblins
  4 quokkas
  5 ball pythons
  3 bats
  5 frilled lizards
  38 kobolds
  5 rats
694 creatures vanquished.

Vanquished Creatures (others)
  2 unseen horrors
  An orc warrior (D:8)
  An orc priest (Orc:2)
  An orc wizard (D:13)
  A hell rat (Lair:2)
6 creatures vanquished.

Grand Total: 700 creatures vanquished

Notes
Turn   | Place    | Note
-------+----------+-------------------------------------------
     0 | D:1      | Darius099 the Minotaur Fighter began the quest for the Orb.
     0 | D:1      | Reached XP level 1. HP: 19/19 MP: 0/0
   130 | D:1      | Reached XP level 2. HP: 27/27 MP: 1/1
   688 | D:1      | Reached XP level 3. HP: 33/33 MP: 2/2
   929 | D:2      | Found a shimmering altar of Xom.
  1235 | D:2      | Found a runed translucent door.
  1236 | D:2      | Noticed Crazy Yiuf
  1241 | D:2      | Killed Crazy Yiuf
  1242 | D:2      | Reached skill level 5 in Axes
  1242 | D:2      | Reached XP level 4. HP: 32/40 MP: 3/3
  1687 | D:3      | Found a runed translucent gate.
  1688 | D:3      | Found a runed translucent gate.
  1688 | D:3      | Found a runed translucent gate.
  1692 | D:3      | Noticed abessonov's ghost (amateur MfSu)
  1870 | D:3      | Found a stormy altar of Qazlal.
  1991 | D:3      | Found a sparkling altar of Nemelex Xobeh.
  2136 | D:3      | Reached XP level 5. HP: 15/46 MP: 4/4
  2137 | D:3      | Killed abessonov's ghost
  2571 | D:4      | Noticed an orc warrior
  2582 | D:4      | Killed an orc warrior
  2583 | D:4      | Reached XP level 6. HP: 46/52 MP: 5/5
  2850 | D:4      | Upgraded the game from 0.30-a0-965-g42e074c17a to
                  | 0.31-a0-37-g98a128e1d9
  2971 | D:4      | Found a staircase to the Ecumenical Temple.
  3010 | Temple   | Entered the Ecumenical Temple
  3078 | Temple   | Became a worshipper of Warmaster Okawaru
  3217 | D:4      | Noticed Edmund
  3233 | D:4      | Killed Edmund
  3234 | D:4      | Reached XP level 7. HP: 10/58 MP: 6/6
  3239 | D:4      | HP: 2/58 [poisoned by Edmund]
  3546 | D:4      | HP: 2/58 [gnoll/+0 spear[a gnoll bouda] (3)]
  3969 | D:5      | Entered Level 5 of the Dungeon
  3976 | D:5      | Reached skill level 10 in Axes
  4095 | D:5      | Found a shimmering altar of Xom.
  4159 | D:5      | Reached * piety under Okawaru
  4264 | D:5      | Identified the +0 quarterstaff of Arrival {heavy, rC+
                  | Will++}
  4367 | D:5      | Found a radiant altar of Vehumet.
  4562 | D:6      | Reached XP level 8. HP: 66/66 MP: 7/7
  4714 | D:6      | Reached ** piety under Okawaru
  4985 | D:6      | Noticed Dowan
  4986 | D:6      | Noticed Duvessa
  4998 | D:6      | Killed Dowan
  4999 | D:6      | Reached XP level 9. HP: 45/71 MP: 8/8
  5008 | D:6      | Killed Duvessa
  5203 | D:6      | Identified the +1 leather armour of Toothy Life {rC+ rN+}
  5935 | D:7      | Noticed Menkaure
  5940 | D:7      | Killed Menkaure
  5940 | D:7      | Reached *** piety under Okawaru
  5942 | D:7      | Reached skill level 15 in Axes
  7047 | D:8      | Reached skill level 1 in Throwing
  7047 | D:8      | Reached skill level 1 in Invocations
  7048 | D:8      | Reached **** piety under Okawaru
  7445 | D:8      | Found a runed translucent door.
  7502 | D:8      | Reached XP level 10. HP: 58/77 MP: 9/11
  7780 | D:8      | Found a runed translucent door.
  7780 | D:8      | Noticed a cyclops
  7804 | D:8      | Killed a cyclops
  8193 | D:8      | Reached ***** piety under Okawaru
  8212 | D:8      | Reached skill level 5 in Throwing
  8212 | D:8      | Reached skill level 5 in Invocations
  8291 | D:8      | Noticed Pikel
  8317 | D:8      | Killed Pikel
  8317 | D:8      | Received a gift from Okawaru
  8356 | D:8      | Noticed a centaur warrior
  8356 | D:8      | Noticed a centaur warrior
  8356 | D:8      | Noticed a centaur warrior
  8374 | D:8      | Killed a centaur warrior
  8375 | D:8      | Reached skill level 5 in Fighting
  8375 | D:8      | Reached skill level 5 in Armour
  8375 | D:8      | Reached skill level 5 in Shields
  8377 | D:8      | Killed a centaur warrior
  8556 | D:8      | Killed a centaur warrior
  8557 | D:8      | Reached XP level 11. HP: 23/89 MP: 13/13
  8792 | D:8      | Identified the +8 hand axe of the Shrinking Jester {elec,
                  | MP+9 Str+3}
  8937 | D:9      | Noticed a two-headed ogre
  8937 | D:9      | Noticed a four-headed hydra
  9157 | D:9      | Killed a two-headed ogre
  9337 | D:9      | Noticed Erica
  9501 | D:9      | Killed Erica
  9501 | D:9      | Received a gift from Okawaru
  9649 | D:9      | Found a staircase to the Lair.
  9819 | D:9      | Killed a one-headed hydra
  9819 | D:9      | Received a gift from Okawaru
  9928 | D:10     | Entered Level 10 of the Dungeon
 10220 | D:10     | Found a staircase to the Orcish Mines.
 10334 | D:10     | Reached ****** piety under Okawaru
 10334 | D:10     | Received a gift from Okawaru
 11101 | D:11     | Noticed a boulder beetle
 11150 | D:11     | Killed a boulder beetle
 11188 | D:11     | Received a gift from Okawaru
 11305 | D:11     | Reached XP level 12. HP: 98/104 MP: 14/14
 11444 | D:11     | Noticed a two-headed ogre
 11447 | D:11     | Identified the +1 hand axe "Yhaom" {heavy, Int+6} (Okawaru
                  | gifted it to you on level 11 of the Dungeon)
 11447 | D:11     | Received a gift from Okawaru
 11454 | D:11     | Killed a two-headed ogre
 11492 | D:11     | Noticed a two-headed ogre
 11502 | D:11     | Killed a two-headed ogre
 11503 | D:11     | Reached skill level 10 in Fighting
 11503 | D:11     | Reached skill level 10 in Armour
 11503 | D:11     | Reached skill level 10 in Shields
 12683 | D:12     | Noticed a two-headed ogre
 12688 | D:12     | Killed a two-headed ogre
 12940 | D:13     | Noticed a tengu warrior
 12952 | D:13     | Killed a tengu warrior
 12988 | D:13     | Noticed a centaur warrior
 12999 | D:13     | Killed a centaur warrior
 12999 | D:13     | Identified the +0 pair of boots "Lebe" {Str+7} (Okawaru
                  | gifted it to you on level 13 of the Dungeon)
 12999 | D:13     | Received a gift from Okawaru
 13048 | D:13     | Found a transporter.
 13296 | D:13     | Noticed Frances
 13305 | D:13     | Noticed a boulder beetle
 13318 | D:13     | Killed Frances
 13361 | D:13     | Killed a boulder beetle
 13466 | D:13     | Reached XP level 13. HP: 89/117 MP: 15/15
 13658 | D:13     | Found a shadowy altar of Dithmenos.
 13871 | D:13     | Found a transporter.
 13872 | D:13     | Found the +16 obsidian axe {drain, demonic, Mesm Drain Fly
                  | SInv}
 13911 | D:13     | Noticed Josephine
 13923 | D:13     | Killed Josephine
 14043 | D:13     | Identified the ring "Efiqilal" {rC+ Str+6 Stlth+}
 14161 | D:13     | Noticed Jorgrun
 14181 | D:13     | Killed Jorgrun
 14222 | D:13     | Found a gate to the Vaults.
 14361 | D:13     | Noticed a tengu reaver
 14361 | D:13     | Noticed a tengu reaver
 14363 | D:13     | Noticed a stone giant
 15024 | Lair:1   | Entered Level 1 of the Lair of Beasts
 15131 | Lair:1   | Noticed Grum
 15148 | Lair:1   | Killed Grum
 15817 | Lair:2   | Identified the +3 robe of Beauty {rC+ Str+3 Slay-6}
                  | (Okawaru gifted it to you on level 2 of the Lair of Beasts)
 15817 | Lair:2   | Received a gift from Okawaru
 17152 | Lair:3   | Noticed Rupert
 17183 | Lair:3   | Killed Rupert
 17260 | Lair:3   | Reached XP level 14. HP: 130/130 MP: 16/16
 17266 | Lair:3   | Noticed Fannar
 17277 | Lair:3   | Killed Fannar
 17552 | Lair:3   | Found a staircase to the Shoals.
 17571 | Lair:3   | Found a hole to the Spider Nest.
 18621 | Lair:4   | Identified the +6 plate armour of Eternal Vigilance {*Slow
                  | +Inv Will++ MP+9} (Okawaru gifted it to you on level 4 of
                  | the Lair of Beasts)
 18621 | Lair:4   | Received a gift from Okawaru
 18781 | Lair:4   | Reached skill level 15 in Armour
 18781 | Lair:4   | Reached skill level 15 in Shields
 18787 | Lair:4   | Identified the +3 trident of Kismet {speed, Stlth+}
 18866 | Lair:4   | Reached skill level 15 in Fighting
 19258 | Lair:5   | Entered Level 5 of the Lair of Beasts
 19440 | Lair:5   | Found a dark tunnel.
 19450 | Volcano  | Entered a volcano
 19782 | Volcano  | Found a burning altar of Makhleb.
 19794 | Volcano  | Paralysed by an ogre mage for 2 turns
 19962 | Volcano  | Identified a scroll of acquirement
 19962 | Volcano  | Acquired 1021 gold pieces
 20017 | Lair:5   | Reached XP level 15. HP: 143/143 MP: 17/17
 20220 | Lair:5   | Received a gift from Okawaru
 20378 | Lair:5   | Identified the ring "Oplafad" {rPois rF+ rC+ Str-5 SInv}
 21147 | Orc:1    | Entered Level 1 of the Orcish Mines
 21646 | Orc:2    | Entered Level 2 of the Orcish Mines
 22169 | Orc:2    | Identified the +2 quarterstaff of Myroklud {venom, rN+
                  | Dex+6 SInv} (Okawaru gifted it to you on level 2 of the
                  | Orcish Mines)
 22169 | Orc:2    | Received a gift from Okawaru
 22717 | Orc:2    | Found Ilal Nifeoso's Jewellery Shoppe.
 22717 | Orc:2    | Found Jijoin's General Store.
 22730 | Orc:2    | Found Heovee's Antique Armour Emporium.
 22731 | Orc:2    | Found Ligriuv's Distillery.
 22955 | Orc:2    | Found a staircase to the Elven Halls.
 24214 | D:13     | Identified the ring "Herun" {rC+ Will- AC+4 Str+5}
 24218 | D:13     | Identified the ring of Tanuon {rN+ Int+2 Slay+4}
 24223 | D:13     | Identified the staff of air "Nit Fiuq" {Drain rElec rN+
                  | Int+7}
 24238 | D:13     | HP: 1/146 [tengu reaver/+0 great sword (21)]
 24238 | D:13     | Slain by a tengu reaver

Illustrated notes

Levels and vault maps discovered:
D:1:      mainiacjoe_arrival_reflecting_pool, layout_loops_ring,
          minmay_pentomino_o4
D:2:      layout_loops_ring, basic_altar, uniq_crazy_yiuf_cottage
D:3:      layout_rooms, grunt_qazlal_sundering, nemelex_altar_shiori,
          gammafunk_ghost_necromancy
D:4:      layout_loops_ring, temple_pool_b, uniq_edmund
D:5:      layout_rooms, grunt_temple_overflow_open, roderic_roman_lattice
D:6:      minmay_polygon_palace, layout_basic, gup_sewer_entry_spiral,
          uniq_duvessa
D:7:      layout_layer_cave, uniq_menkaure
D:8:      minmay_the_grid_triangle_9x9_rhombus_full
          [minmay_the_grid_triangle_9x9_swiss_cheese,
          minmay_the_grid_triangle_9x9_alien,
          minmay_the_grid_triangle_9x9_tough_junction,
          minmay_the_grid_triangle_9x9_checkered,
          minmay_the_grid_triangle_9x9_shrine,
          minmay_the_grid_triangle_9x9_zippers_horizontal,
          minmay_the_grid_triangle_9x9_limited_checkers,
          minmay_the_grid_triangle_9x9_prize_top_heavy], layout_cave_pools,
          uniq_pikel
D:9:      layout_cave_pools, due_lair_maze_entry_diamond, minmay_checkerbox,
          uniq_erica
D:10:     layout_stronghold, minmay_orc_entry_temple_small, grunt_ministairs_6,
          moated_statue
D:11:     layout_basic
D:12:     layout_loops_corners, minivault_24, minmay_rotating_lava
D:13:     gammafunk_dig_for_victory, layout_basic,
          hangedman_vaults_entry_quadrant_bands, serial_bayou_lagoon_a,
          nicolae_dithmenos_shadow_blocks, uniq_josephine, uniq_frances,
          uniq_jorgrun
Temple:   dpeg_three_leaves_temple
Lair:1:   wander_river, layout_cave_shapes, grunt_forest_small_clearing_treed,
          lemuel_fruit_tree, uniq_grum
Lair:2:   layout_big_grid, serial_bayou, serial_bayou_crossing,
          serial_bayou_shore_a, serial_bayou_pond_e, serial_bayou_pond_d,
          serial_bayou_pond_c, serial_bayou_lagoon_b,
          pdpol_lair_neglected_garden, guppyfry_lair_drakes
Lair:3:   hellmonk_ruined_rings, layout_loops_ring, minmay_shoals_entry_beasts,
          nicolae_spider_entry_tight_spaces, uniq_fannar, uniq_rupert
Lair:4:   beast_lair_carwin_large_4, layout_hall_layers, dreamdust_wasp_nest
Lair:5:   evilmike_catoblepas_cave, layout_cave_pods,
          minmay_slime_entry_oklob_enclosed, nicolae_volcano_entry_vermiform,
          grunt_megastairs_1
Orc:1:    layout_caves
Orc:2:    st_orc_rangers, layout_caves, guppyfry_orc_lava_fort

Skill      XL: |  1  2  3  4  5  6  7  8  9 10 11 12 13 14 15 |
---------------+----------------------------------------------+-----
Axes           | 3 5 7 9 11 13 16 | 16.0
Throwing       | 2 5 |  5.0
Invocations    | 2 5 |  5.0
Fighting       | 6 9 11 13 15 16 | 16.8
Armour         | 6 9 11 13 15 16 | 16.8
Shields        | 6 9 11 13 15 16 | 16.8

Action                     |  1- 3 |  4- 6 |  7- 9 | 10-12 | 13-15 || total
---------------------------+-------+-------+-------+-------+-------++-------
  Melee: War axe           |    84 |   104 |   392 |   575 |   882 ||  2037
         Headbutt          |    11 |     6 |    56 |   122 |   208 ||   403
         Scimitar          |       |       |       |     5 |    46 ||    51
         Unarmed           |       |       |       |     5 |       ||     5
  Throw: Dart              |       |       |       |       |     1 ||     1
 Invoke: Heroism           |       |       |       |       |     4 ||     4
         Finesse           |       |       |       |       |     3 ||     3
  Evoke: Wand              |       |       |       |     1 |     1 ||     2
    Use: Potion            |       |     3 |     2 |       |     2 ||     7
         Scroll            |       |       |       |     9 |    19 ||    28
   Stab: Petrified         |       |       |       |       |     6 ||     6
 Armour: Scale mail        |    42 |    37 |       |       |       ||    79
         Chain mail        |       |       |   171 |   278 |   480 ||   929
  Dodge: Dodged            |    33 |    35 |   185 |   328 |   617 ||  1198
  Block: Buckler           |    19 |    27 |    76 |   150 |   364 ||   636

Table legend: (Time is in decaauts)
 A = Elapsed time spent in this place.
 B = Non-inter-level travel time spent in this place.
 C = Inter-level travel time spent in this place.
 D = Time resting spent in this place.
 E = Time spent auto-exploring this place.
 F = Levels seen in this place.
 G = Mean time per level.
                   A        B        C        D        E       F      G
               +--------+--------+--------+--------+--------+-----+--------+
         Total |  23950 |  22346 |   1604 |   3134 |   8115 |  22 | 1088.6 |
       Dungeon |  15694 |  14414 |   1280 |   1851 |   5517 |  13 | 1207.2 |
        Temple |    180 |    180 |      0 |    100 |      0 |   1 |  180.0 |
          Lair |   5434 |   5193 |    241 |    531 |   2317 |   5 | 1086.8 |
  Orcish Mines |   2120 |   2038 |     82 |    651 |    281 |   2 | 1060.0 |
       Volcano |    519 |    519 |      0 |      0 |      0 |   1 |  519.0 |
               +--------+--------+--------+--------+--------+-----+--------+

Top non-repeatable levels by time:
    D:13: 2601 daAuts
     D:8: 2247 daAuts
     D:6: 1307 daAuts
     D:4: 1277 daAuts
    D:10: 1247 daAuts
  Lair:4: 1196 daAuts
    D:12: 1188 daAuts
  Lair:5: 1166 daAuts
  Lair:3: 1144 daAuts
  Lair:2: 1142 daAuts
     D:7: 1078 daAuts
   Orc:2: 1066 daAuts
   Orc:1: 1054 daAuts
     D:3: 945 daAuts
     D:1: 885 daAuts
